 Dungeon Crawl Stone Soup version 0.26.1-11-gd32895ea62 (webtiles) character file.

Game seed: 5093209861079996518

21 Zeld the Sneak (level 2, 0/19 HPs)
             Began as an Octopode Brigand on May 16, 2021.
             Slain by a hobgoblin
             ... wielding a +0 club
              (7 damage)
             ... on level 2 of the Dungeon.
             The game lasted 00:00:30 (250 turns).

Zeld the Sneak (Octopode Brigand)                    Turns: 250, Time: 00:00:30

Health: 0/19       AC:  1    Str: 10    XL:     2   Next: 87%
Magic:  3/3        EV: 13    Int: 13    God:
Gold:   0          SH:  0    Dex: 13    Spells: 3/3 levels left

rFire    . . .     SeeInvis .   a - +2 dagger
rCold    . . .     Faith    .   (no shield)
rNeg     . . .     Spirit   .   (helmet restricted)
rPois    .         Reflect  .   (no amulet)
rElec    .         Harm     .   (no ring)
rCorr    .         Rampage  .   (no ring)
Will     .....                  (no ring)
Stlth    ++++......             (no ring)
HPRegen  0.06/turn              (no ring)
MPRegen  0.08/turn              (no ring)
                                (no ring)
                                (no ring)

@: lethally poisoned (0 -> -5)
A: almost no armour, stealthy swim, amphibious, 8 rings, constrict 8, camouflage
1, gelatinous body 1
a: no special abilities


You were on level 2 of the Dungeon.
You visited 1 branch of the dungeon, and saw 3 of its levels.

Inventory:

Hand Weapons
 a - a +2 dagger (weapon)
Missiles
 b - 8 poisoned darts (quivered)
 c - 2 curare-tipped darts
Scrolls
 d - a scroll of teleportation {unknown}
 e - a scroll of noise {unknown}


   Skills:
 - Level 2.0 Fighting
 - Level 2.0 Short Blades
 * Level 2.9 Throwing
 - Level 1.0 Dodging
 - Level 5.3 Stealth
 + Level 1.0 Spellcasting


You had 3 spell levels left.
You didn't know any spells.
Your spell library was empty.

Dungeon Overview and Level Annotations

Branches:
Dungeon (3/15)

Altars:


Innate Abilities, Weirdness & Mutations

You cannot wear most types of armour.
You are very stealthy in the water. (Stealth+)
You are amphibious.
You can wear up to eight rings at the same time.
You can use your tentacles to constrict eight enemies at once.
Your skin changes colour to match your surroundings (Stealth+).
Your rubbery body absorbs attacks. (AC +1, EV +1)


Message History

You feel sick.
The goblin wields a +0 hunting sling.
The goblin shoots a stone.
The stone barely misses you.
Your Spellcasting skill increases to level 1!
You hit the hobgoblin. You grab the hobgoblin.
The hobgoblin is moderately wounded.
You constrict the hobgoblin, but do no damage.
The hobgoblin struggles to escape constriction.
You hit the hobgoblin but do no damage.
The hobgoblin is moderately wounded.
You constrict the hobgoblin.
The hobgoblin escapes!
You hit the hobgoblin but do no damage. Your grab misses the hobgoblin.
The hobgoblin is heavily wounded.
The goblin shoots a stone.
The stone barely misses you.
You closely miss the hobgoblin. You grab the hobgoblin.
The hobgoblin is heavily wounded.
You constrict the hobgoblin, but do no damage.
You feel sick. The hobgoblin hits you with a +0 club.
The goblin shoots a stone.
The stone barely misses you.
You release your grip on the hobgoblin.
The hobgoblin hits you with a +0 club!
You die...

...# .... .(# ..#
#.#########
#.#........
#)#........
#>g........
#########@#........
.........g#........
..........#........
..........#........
......!†)$#........
8.........#........
..........#########
..8.......#
..?.......#


You could see a hobgoblin and a goblin.

Vanquished Creatures
  An adder (D:2)
  2 leopard geckos
  A giant cockroach (D:3)
  A goblin (D:2)
  2 hobgoblins (D:2)
  A frilled lizard (D:1)
  2 kobolds
10 creatures vanquished.

Notes
Turn   | Place    | Note
-------+----------+-------------------------------------------
     0 | D:1      | Zeld the Octopode Brigand began the quest for the Orb.
     0 | D:1      | Reached XP level 1. HP: 14/14 MP: 1/1
   171 | D:1      | You fall into a shaft and drop 1 floor!
   185 | D:3      | Reached XP level 2. HP: 19/19 MP: 2/2
   246 | D:2      | Reached skill level 1 in Spellcasting
   250 | D:2      | Slain by a hobgoblin

Illustrated notes

Levels and vault maps discovered:
D:1:      erik_arrival_cave_to_civilisation [erik_arrival_cave_to_hall],
          layout_basic, hex_intersection, tso_altar
D:2:      layout_basic, grunt_ministairs_9, minivault_11, feat_on_display
D:3:      layout_basic

Skill      XL: |  1  2 |
---------------+-------+-----
Spellcasting   | 1 |  1.0
Fighting       | |  2.0
Short Blades   | |  2.0
Throwing       | |  2.9
Dodging        | |  1.0
Stealth        | |  5.3

Action                   || total
-------------------------++-------
Melee: Dagger            ||    19
       Constrict         ||     7
       Tentacles         ||     3
 Stab: Sleeping          ||     2
Dodge: Dodged            ||     9
